3129 views
Uploaded 2020-03-30 23:27:42
Game version 1.32.3
34:33 long 3on3 ladder game on (6)TimbermawHold
Saved by BEARAND
3129 views
Uploaded 2020-03-30 23:27:42
Game version 1.32.3
34:33 long 3on3 ladder game on (6)TimbermawHold


82 units @ 7.5k
/ 0.4k
346 buildings @ 21.1k
/ 12.4k



| Staff of Sanctuary | 3 | 750 |
| Boots of Speed | 3 | 750 |
| Staff of Teleportation | 3 | 450 |
| Healing Salve | 1 | 100 |
| Orb of Lightning | 2 | 750 |
| total: | 12 | 2800g |
| Peasant | 19 | 1425 | / | 0 |
| Priest | 1 | 135 | / | 10 |
| Dragonhawk Rider | 6 | 1200 | / | 180 |
| total: | 26 | 2760g | / | 190w |
| Scout Tower | 142 | 4260 | / | 2840 |
| Arcane Tower | 3 | 210 | / | 150 |
| Guard Tower | 98 | 6860 | / | 4900 |
| Altar of Kings | 1 | 180 | / | 50 |
| Farm | 6 | 480 | / | 120 |
| Lumber Mill | 1 | 120 | / | 0 |
| Town Hall | 3 | 1155 | / | 615 |
| Arcane Vault | 2 | 260 | / | 60 |
| Barracks | 1 | 160 | / | 60 |
| Blacksmith | 1 | 140 | / | 60 |
| Arcane Sanctum | 1 | 150 | / | 140 |
| Gryphon Aviary | 1 | 140 | / | 150 |
| Keep | 1 | 320 | / | 210 |
| Castle | 1 | 360 | / | 210 |
| total: | 159 | 7045g | / | 4095w |
| 0:03 | Peasant |
| 0:08 | Altar of Kings |
| 0:16 | Peasant |
| 0:16 | Peasant |
| 0:19 | Farm |
| 0:25 | Peasant |
| 0:34 | Lumber Mill |
| 0:38 | Peasant |
| 0:48 | Peasant |
| 1:04 | Peasant |
| 1:15 | Peasant |
| 1:19 | Farm |
| 1:23 | Scout Tower |
| 1:29 | Peasant |
| 1:38 | Scout Tower |
| 1:44 | Scout Tower |
| 1:56 | Arcane Tower |
| 1:58 | Peasant |
| 2:10 | Peasant |
| 2:11 | Peasant |
| 2:15 | Blizzard |
| 2:24 | Guard Tower |
| 2:24 | Guard Tower |
| 2:26 | Scout Tower |
| 2:28 | Peasant |
| 2:44 | Scout Tower |
| 2:44 | Scout Tower |
| 2:53 | Guard Tower |
| 2:54 | Peasant |
| 3:30 | Guard Tower |
| 3:55 | Guard Tower |
| 3:56 | Scout Tower |
| 3:58 | Scout Tower |
| 4:02 | Brilliance Aura |
| 4:06 | Scout Tower |
| 4:07 | Scout Tower |
| 4:10 | Scout Tower |
| 4:10 | Scout Tower |
| 4:14 | Boots of Speed |
| 4:14 | Staff of Teleportation |
| 4:22 | Keep |
| 4:34 | Guard Tower |
| 4:35 | Guard Tower |
| 4:39 | Guard Tower |
| 4:55 | Guard Tower |
| 4:56 | Guard Tower |
| 4:58 | Scout Tower |
| 5:06 | Scout Tower |
| 5:09 | Scout Tower |
| 5:09 | Scout Tower |
| 5:12 | Scout Tower |
| 5:12 | Scout Tower |
| 5:15 | Scout Tower |
| 5:16 | Scout Tower |
| 5:25 | Guard Tower |
| 5:32 | Scout Tower |
| 5:32 | Scout Tower |
| 5:47 | Guard Tower |
| 5:50 | Guard Tower |
| 5:51 | Scout Tower |
| 5:53 | Scout Tower |
| 6:02 | Town Hall |
| 6:04 | Guard Tower |
| 6:07 | Scout Tower |
| 6:08 | Scout Tower |
| 6:13 | Healing Salve |
| 6:20 | Guard Tower |
| 6:29 | Guard Tower |
| 6:36 | Farm |
| 6:36 | Farm |
| 6:37 | Farm |
| 6:50 | Arcane Tower |
| 6:52 | Guard Tower |
| 7:04 | Scout Tower |
| 7:29 | Scout Tower |
| 7:58 | Improved Masonry |
| 8:01 | Guard Tower |
| 8:02 | Guard Tower |
| 8:06 | Scout Tower |
| 8:15 | Arcane Sanctum |
| 8:28 | Storm Bolt |
| 8:49 | Scout Tower |
| 8:50 | Scout Tower |
| 8:50 | Scout Tower |
| 8:51 | Scout Tower |
| 9:12 | Advanced Masonry |
| 9:12 | Castle |
| 9:17 | Guard Tower |
| 9:26 | Arcane Vault |
| 9:28 | Arcane Vault |
| 9:28 | Guard Tower |
| 9:41 | Magic Sentry |
| 9:42 | Priest |
| 9:44 | Guard Tower |
| 9:45 | Guard Tower |
| 10:12 | Guard Tower |
| 10:32 | Guard Tower |
| 11:45 | Blizzard |
| 11:45 | Blizzard |
| 12:00 | Gryphon Aviary |
| 12:02 | Imbued Masonry |
| 12:06 | Scout Tower |
| 12:23 | Boots of Speed |
| 12:23 | Staff of Teleportation |
| 12:26 | Staff of Sanctuary |
| 12:30 | Orb of Lightning |
| 13:19 | Holy Light |
| 13:27 | Orb of Lightning |
| 13:30 | Guard Tower |
| 13:32 | Scout Tower |
| 13:32 | Scout Tower |
| 13:33 | Scout Tower |
| 13:34 | Scout Tower |
| 14:01 | Peasant |
| 14:01 | Peasant |
| 14:27 | Scout Tower |
| 14:28 | Scout Tower |
| 14:29 | Scout Tower |
| 14:30 | Scout Tower |
| 14:31 | Scout Tower |
| 14:31 | Scout Tower |
| 14:33 | Arcane Tower |
| 14:36 | Improved Lumber Harvesting |
| 15:08 | Dragonhawk Rider |
| 15:08 | Dragonhawk Rider |
| 15:09 | Farm |
| 15:38 | Boots of Speed |
| 15:38 | Staff of Teleportation |
| 15:42 | Guard Tower |
| 15:43 | Guard Tower |
| 15:43 | Guard Tower |
| 15:57 | Staff of Sanctuary |
| 16:43 | Bash |
| 17:05 | Dragonhawk Rider |
| 17:30 | Scout Tower |
| 17:32 | Scout Tower |
| 17:34 | Scout Tower |
| 17:34 | Scout Tower |
| 17:34 | Scout Tower |
| 17:34 | Scout Tower |
| 18:56 | Scout Tower |
| 18:56 | Scout Tower |
| 18:57 | Scout Tower |
| 18:57 | Scout Tower |
| 18:57 | Scout Tower |
| 18:58 | Scout Tower |
| 18:58 | Scout Tower |
| 18:59 | Scout Tower |
| 18:59 | Scout Tower |
| 18:59 | Scout Tower |
| 19:00 | Scout Tower |
| 19:00 | Scout Tower |
| 19:01 | Scout Tower |
| 19:01 | Scout Tower |
| 19:22 | Scout Tower |
| 19:23 | Scout Tower |
| 19:23 | Scout Tower |
| 19:23 | Scout Tower |
| 19:44 | Scout Tower |
| 19:45 | Scout Tower |
| 19:45 | Scout Tower |
| 19:45 | Scout Tower |
| 19:45 | Scout Tower |
| 19:46 | Scout Tower |
| 19:46 | Scout Tower |
| 19:52 | Staff of Sanctuary |
| 19:57 | Guard Tower |
| 20:03 | Divine Shield |
| 20:11 | Scout Tower |
| 20:12 | Scout Tower |
| 20:12 | Guard Tower |
| 20:16 | Scout Tower |
| 20:21 | Peasant |
| 20:21 | Peasant |
| 20:21 | Peasant |
| 20:22 | Advanced Lumber Harvesting |
| 20:38 | Guard Tower |
| 20:38 | Guard Tower |
| 20:42 | Guard Tower |
| 20:43 | Guard Tower |
| 20:43 | Scout Tower |
| 20:44 | Scout Tower |
| 20:47 | Guard Tower |
| 21:10 | Scout Tower |
| 21:10 | Scout Tower |
| 21:11 | Scout Tower |
| 21:11 | Guard Tower |
| 21:29 | Scout Tower |
| 21:36 | Guard Tower |
| 21:38 | Guard Tower |
| 21:39 | Scout Tower |
| 21:39 | Scout Tower |
| 21:47 | Guard Tower |
| 21:52 | Town Hall |
| 21:56 | Guard Tower |
| 21:57 | Scout Tower |
| 21:57 | Scout Tower |
| 22:03 | Scout Tower |
| 22:15 | Guard Tower |
| 22:25 | Scout Tower |
| 22:25 | Scout Tower |
| 22:26 | Scout Tower |
| 22:26 | Guard Tower |
| 22:27 | Scout Tower |
| 22:30 | Guard Tower |
| 22:50 | Scout Tower |
| 22:51 | Scout Tower |
| 22:52 | Scout Tower |
| 22:53 | Guard Tower |
| 22:54 | Guard Tower |
| 22:55 | Scout Tower |
| 22:59 | Guard Tower |
| 23:23 | Guard Tower |
| 23:24 | Guard Tower |
| 23:25 | Scout Tower |
| 23:26 | Guard Tower |
| 23:28 | Scout Tower |
| 24:02 | Guard Tower |
| 24:08 | Guard Tower |
| 24:11 | Scout Tower |
| 24:12 | Scout Tower |
| 24:14 | Guard Tower |
| 24:15 | Scout Tower |
| 25:00 | Guard Tower |
| 25:06 | Dragonhawk Rider |
| 25:06 | Dragonhawk Rider |
| 25:06 | Dragonhawk Rider |
| 25:24 | Scout Tower |
| 25:24 | Scout Tower |
| 25:36 | Scout Tower |
| 25:36 | Scout Tower |
| 25:37 | Scout Tower |
| 25:38 | Storm Bolt |
| 25:39 | Scout Tower |
| 26:03 | Guard Tower |
| 26:11 | Brilliance Aura |
| 26:13 | Guard Tower |
| 26:33 | Guard Tower |
| 26:35 | Scout Tower |
| 26:37 | Holy Light |
| 26:43 | Scout Tower |
| 26:43 | Scout Tower |
| 26:43 | Scout Tower |
| 26:44 | Scout Tower |
| 26:44 | Scout Tower |
| 26:44 | Scout Tower |
| 26:44 | Scout Tower |
| 26:45 | Scout Tower |
| 26:45 | Scout Tower |
| 26:45 | Scout Tower |
| 26:45 | Scout Tower |
| 26:46 | Scout Tower |
| 26:57 | Scout Tower |
| 26:57 | Scout Tower |
| 26:58 | Scout Tower |
| 26:59 | Scout Tower |
| 26:59 | Scout Tower |
| 27:08 | Guard Tower |
| 27:15 | Barracks |
| 27:15 | Blacksmith |
| 27:29 | Guard Tower |
| 27:32 | Guard Tower |
| 27:32 | Guard Tower |
| 27:43 | Scout Tower |
| 27:44 | Scout Tower |
| 27:52 | Guard Tower |
| 27:55 | Guard Tower |
| 28:04 | Guard Tower |
| 28:05 | Scout Tower |
| 28:06 | Scout Tower |
| 28:06 | Scout Tower |
| 28:06 | Scout Tower |
| 28:06 | Scout Tower |
| 28:07 | Scout Tower |
| 28:07 | Scout Tower |
| 28:44 | Guard Tower |
| 28:45 | Guard Tower |
| 28:46 | Guard Tower |
| 28:53 | Guard Tower |
| 28:53 | Scout Tower |
| 28:54 | Scout Tower |
| 28:54 | Scout Tower |
| 28:54 | Scout Tower |
| 28:54 | Scout Tower |
| 28:55 | Scout Tower |
| 28:55 | Scout Tower |
| 29:08 | Guard Tower |
| 29:08 | Guard Tower |
| 29:15 | Guard Tower |
| 29:39 | Guard Tower |
| 30:04 | Guard Tower |
| 30:34 | Guard Tower |
| 30:52 | Animal War Training |
| 30:52 | Iron Forged Swords |
| 30:53 | Studded Leather Armor |
| 30:56 | Town Hall |
| 31:43 | Storm Hammers |
| 31:44 | Cloud |
| 31:55 | Bash |
| 33:04 | Divine Shield |
| 34:07 | Blizzard |
| 34:25 | Steel Forged Swords |
| Right click | 3727 |
| Select | 1030 |
| Select group | 805 |
| Build/train/purchase | 272 |
| Chat | 231 |
| Use ability | 137 |
| Minimap ping | 23 |
| Resource trade | 18 |
| Misc. action | 17 |
| Assign group | 16 |
| Item give/drop | 3 |
| Esc | 2 |
| Remove unit | 1 |
⇛
TIMG4STRok
(34:45) : 

| Healing Salve | 2 | 200 |
| Lesser Clarity Potion | 3 | 210 |
| Orb of Lightning | 2 | 750 |
| Boots of Speed | 2 | 500 |
| Staff of Teleportation | 4 | 600 |
| Circlet of Nobility | 3 | 525 |
| Staff of Sanctuary | 2 | 500 |
| total: | 18 | 3285g |
| Peon | 16 | 1200 | / | 0 |
| Troll Batrider | 6 | 960 | / | 240 |
| total: | 22 | 2160g | / | 240w |
| Watch Tower | 53 | 5830 | / | 4240 |
| Altar of Storms | 1 | 180 | / | 50 |
| Orc Burrow | 4 | 640 | / | 160 |
| Voodoo Lounge | 4 | 520 | / | 120 |
| War Mill | 1 | 205 | / | 0 |
| Great Hall | 3 | 1155 | / | 555 |
| Beastiary | 2 | 290 | / | 280 |
| Stronghold | 1 | 315 | / | 190 |
| Fortress | 1 | 325 | / | 190 |
| total: | 68 | 8820g | / | 5405w |
| 0:04 | Peon |
| 0:04 | Peon |
| 0:06 | Altar of Storms |
| 0:09 | Orc Burrow |
| 0:15 | Peon |
| 0:46 | Peon |
| 0:53 | Voodoo Lounge |
| 0:55 | Peon |
| 1:14 | Peon |
| 1:24 | Peon |
| 1:25 | Peon |
| 1:33 | Orc Burrow |
| 1:36 | Peon |
| 2:10 | Peon |
| 2:12 | Wind Walk |
| 2:14 | Healing Salve |
| 2:14 | Lesser Clarity Potion |
| 2:15 | Lesser Clarity Potion |
| 2:23 | Peon |
| 2:25 | Peon |
| 2:34 | Voodoo Lounge |
| 2:41 | Peon |
| 2:41 | Peon |
| 3:22 | Peon |
| 4:04 | Stronghold |
| 4:08 | Boots of Speed |
| 4:22 | Staff of Teleportation |
| 4:23 | Staff of Teleportation |
| 4:53 | War Mill |
| 5:57 | Lesser Clarity Potion |
| 6:57 | Fortress |
| 7:24 | Circlet of Nobility |
| 7:32 | Staff of Teleportation |
| 7:32 | Staff of Teleportation |
| 7:57 | Hex |
| 8:47 | Beastiary |
| 8:47 | Beastiary |
| 9:18 | Critical Strike |
| 9:30 | Voodoo Lounge |
| 9:31 | Voodoo Lounge |
| 9:36 | Steel Ranged Weapons |
| 9:38 | Orc Burrow |
| 9:39 | Orc Burrow |
| 9:42 | Orb of Lightning |
| 10:17 | Orb of Lightning |
| 10:31 | Great Hall |
| 10:34 | Boots of Speed |
| 10:39 | Circlet of Nobility |
| 10:55 | Watch Tower |
| 10:56 | Watch Tower |
| 10:57 | Watch Tower |
| 10:57 | Watch Tower |
| 12:38 | Healing Salve |
| 12:42 | Staff of Sanctuary |
| 13:28 | Healing Wave |
| 13:34 | Troll Batrider |
| 13:35 | Troll Batrider |
| 13:35 | Troll Batrider |
| 13:37 | Peon |
| 13:42 | Watch Tower |
| 13:44 | Watch Tower |
| 14:03 | Staff of Sanctuary |
| 14:22 | Watch Tower |
| 14:23 | Watch Tower |
| 14:28 | Troll Batrider |
| 15:06 | Troll Batrider |
| 15:14 | Circlet of Nobility |
| 15:31 | Watch Tower |
| 15:32 | Watch Tower |
| 15:59 | Troll Batrider |
| 16:42 | Wind Walk |
| 16:59 | Watch Tower |
| 17:02 | Watch Tower |
| 17:37 | Liquid Fire |
| 17:40 | Spiked Barricades |
| 17:40 | Thorium Ranged Weapons |
| 18:04 | Watch Tower |
| 18:11 | Watch Tower |
| 19:05 | Watch Tower |
| 19:14 | Great Hall |
| 20:13 | Watch Tower |
| 20:34 | Watch Tower |
| 20:35 | Watch Tower |
| 20:36 | Watch Tower |
| 21:19 | Watch Tower |
| 21:45 | Watch Tower |
| 22:09 | Watch Tower |
| 23:27 | Watch Tower |
| 23:29 | Watch Tower |
| 23:32 | Critical Strike |
| 24:07 | Healing Wave |
| 24:49 | Watch Tower |
| 24:51 | Watch Tower |
| 26:40 | Watch Tower |
| 26:43 | Watch Tower |
| 26:43 | Watch Tower |
| 26:57 | Great Hall |
| 27:56 | Watch Tower |
| 27:57 | Watch Tower |
| 27:59 | Watch Tower |
| 28:01 | Watch Tower |
| 28:02 | Watch Tower |
| 28:06 | Watch Tower |
| 29:04 | Watch Tower |
| 29:05 | Watch Tower |
| 29:05 | Watch Tower |
| 29:07 | Watch Tower |
| 29:08 | Watch Tower |
| 29:13 | Watch Tower |
| 29:36 | Improved Spiked Barricades |
| 30:44 | Watch Tower |
| 30:45 | Watch Tower |
| 31:51 | Hex |
| 31:56 | Watch Tower |
| 31:57 | Watch Tower |
| 31:59 | Wind Walk |
| 33:08 | Watch Tower |
| 33:09 | Watch Tower |
| 33:54 | Watch Tower |
| 34:25 | Watch Tower |
| 34:25 | Watch Tower |
| 34:27 | Watch Tower |
| 34:27 | Watch Tower |
| 34:28 | Watch Tower |
| Right click | 2751 |
| Select group | 1327 |
| Select | 302 |
| Chat | 287 |
| Build/train/purchase | 100 |
| Minimap ping | 89 |
| Use ability | 81 |
| Resource trade | 57 |
| Misc. action | 24 |
| Assign group | 12 |
| Item give/drop | 9 |
⇛
iggythefisk
(34:09) : 


| Lesser Clarity Potion | 10 | 700 |
| Staff of Sanctuary | 3 | 750 |
| Orb of Fire | 1 | 325 |
| Boots of Speed | 3 | 750 |
| Staff of Teleportation | 4 | 600 |
| Circlet of Nobility | 1 | 175 |
| Healing Salve | 1 | 100 |
| Orb of Lightning | 2 | 750 |
| total: | 25 | 4150g |
| Peasant | 33 | 2475 | / | 0 |
| Priest | 1 | 135 | / | 10 |
| total: | 34 | 2610g | / | 10w |
| Scout Tower | 106 | 3180 | / | 2120 |
| Arcane Tower | 11 | 770 | / | 550 |
| Guard Tower | 54 | 3780 | / | 2700 |
| Altar of Kings | 1 | 180 | / | 50 |
| Farm | 5 | 400 | / | 100 |
| Lumber Mill | 1 | 120 | / | 0 |
| Town Hall | 2 | 770 | / | 410 |
| Arcane Vault | 3 | 390 | / | 90 |
| Arcane Sanctum | 1 | 150 | / | 140 |
| Keep | 1 | 320 | / | 210 |
| Castle | 1 | 360 | / | 210 |
| total: | 119 | 5190g | / | 2910w |
| 0:02 | Peasant |
| 0:03 | Altar of Kings |
| 0:13 | Peasant |
| 0:18 | Farm |
| 0:21 | Peasant |
| 0:34 | Lumber Mill |
| 0:35 | Peasant |
| 0:45 | Peasant |
| 0:55 | Farm |
| 0:59 | Peasant |
| 1:09 | Scout Tower |
| 1:10 | Peasant |
| 1:17 | Peasant |
| 1:30 | Peasant |
| 1:37 | Improved Masonry |
| 1:45 | Peasant |
| 1:58 | Arcane Tower |
| 2:01 | Scout Tower |
| 2:05 | Peasant |
| 2:10 | Storm Bolt |
| 2:31 | Peasant |
| 2:35 | Guard Tower |
| 2:36 | Scout Tower |
| 2:37 | Scout Tower |
| 2:47 | Healing Salve |
| 2:47 | Lesser Clarity Potion |
| 3:09 | Peasant |
| 3:09 | Peasant |
| 3:32 | Guard Tower |
| 3:33 | Scout Tower |
| 3:34 | Scout Tower |
| 3:45 | Bash |
| 4:04 | Town Hall |
| 4:06 | Scout Tower |
| 4:07 | Scout Tower |
| 4:13 | Guard Tower |
| 4:18 | Scout Tower |
| 4:18 | Scout Tower |
| 4:32 | Arcane Tower |
| 4:33 | Scout Tower |
| 4:33 | Scout Tower |
| 4:34 | Guard Tower |
| 4:35 | Scout Tower |
| 4:36 | Scout Tower |
| 5:05 | Guard Tower |
| 5:06 | Guard Tower |
| 5:14 | Guard Tower |
| 5:16 | Scout Tower |
| 5:16 | Scout Tower |
| 5:27 | Guard Tower |
| 5:28 | Scout Tower |
| 5:41 | Guard Tower |
| 5:43 | Scout Tower |
| 5:51 | Guard Tower |
| 5:54 | Boots of Speed |
| 6:04 | Guard Tower |
| 6:10 | Guard Tower |
| 6:13 | Scout Tower |
| 6:14 | Scout Tower |
| 6:17 | Guard Tower |
| 6:20 | Scout Tower |
| 6:21 | Scout Tower |
| 6:26 | Staff of Teleportation |
| 6:27 | Staff of Teleportation |
| 6:44 | Peasant |
| 6:44 | Peasant |
| 6:45 | Peasant |
| 6:49 | Peasant |
| 6:49 | Peasant |
| 7:03 | Guard Tower |
| 7:06 | Scout Tower |
| 7:10 | Guard Tower |
| 7:12 | Scout Tower |
| 7:15 | Lesser Clarity Potion |
| 7:34 | Keep |
| 8:00 | Guard Tower |
| 8:03 | Scout Tower |
| 8:04 | Guard Tower |
| 8:06 | Scout Tower |
| 8:06 | Scout Tower |
| 8:11 | Scout Tower |
| 8:16 | Scout Tower |
| 8:17 | Scout Tower |
| 8:21 | Arcane Vault |
| 8:41 | Storm Bolt |
| 8:52 | Guard Tower |
| 8:54 | Scout Tower |
| 9:15 | Arcane Tower |
| 9:16 | Guard Tower |
| 9:33 | Guard Tower |
| 9:34 | Scout Tower |
| 9:35 | Scout Tower |
| 9:43 | Scout Tower |
| 9:46 | Guard Tower |
| 9:48 | Scout Tower |
| 9:49 | Scout Tower |
| 10:14 | Castle |
| 10:15 | Advanced Masonry |
| 10:16 | Improved Lumber Harvesting |
| 10:22 | Arcane Sanctum |
| 10:31 | Guard Tower |
| 10:34 | Scout Tower |
| 10:52 | Scout Tower |
| 10:53 | Scout Tower |
| 10:54 | Scout Tower |
| 10:54 | Scout Tower |
| 10:55 | Scout Tower |
| 10:55 | Scout Tower |
| 10:56 | Scout Tower |
| 10:56 | Scout Tower |
| 11:02 | Arcane Vault |
| 11:24 | Holy Light |
| 11:27 | Guard Tower |
| 11:28 | Arcane Tower |
| 11:29 | Guard Tower |
| 11:42 | Scout Tower |
| 11:43 | Scout Tower |
| 11:49 | Guard Tower |
| 11:50 | Scout Tower |
| 11:54 | Boots of Speed |
| 11:54 | Staff of Teleportation |
| 12:08 | Scout Tower |
| 12:09 | Scout Tower |
| 12:09 | Guard Tower |
| 12:12 | Guard Tower |
| 12:16 | Scout Tower |
| 12:16 | Scout Tower |
| 12:17 | Scout Tower |
| 12:23 | Guard Tower |
| 12:37 | Guard Tower |
| 12:50 | Guard Tower |
| 12:52 | Scout Tower |
| 12:52 | Scout Tower |
| 12:56 | Scout Tower |
| 12:57 | Scout Tower |
| 13:09 | Guard Tower |
| 13:19 | Imbued Masonry |
| 13:20 | Advanced Lumber Harvesting |
| 13:20 | Magic Sentry |
| 13:32 | Guard Tower |
| 13:38 | Scout Tower |
| 13:48 | Guard Tower |
| 13:50 | Scout Tower |
| 13:50 | Scout Tower |
| 13:56 | Peasant |
| 13:56 | Peasant |
| 13:56 | Peasant |
| 14:14 | Peasant |
| 14:18 | Lesser Clarity Potion |
| 14:21 | Orb of Lightning |
| 14:25 | Lesser Clarity Potion |
| 14:28 | Guard Tower |
| 14:31 | Scout Tower |
| 14:38 | Arcane Tower |
| 15:07 | Arcane Vault |
| 15:08 | Arcane Tower |
| 15:08 | Arcane Tower |
| 15:14 | Guard Tower |
| 15:16 | Scout Tower |
| 15:17 | Scout Tower |
| 15:22 | Orb of Lightning |
| 15:34 | Farm |
| 15:35 | Farm |
| 15:37 | Priest Adept Training |
| 15:37 | Priest |
| 16:32 | Guard Tower |
| 17:06 | Farm |
| 17:13 | Staff of Sanctuary |
| 17:13 | Orb of Fire |
| 17:19 | Flame Strike |
| 17:25 | Staff of Sanctuary |
| 17:35 | Scout Tower |
| 17:36 | Scout Tower |
| 17:37 | Scout Tower |
| 17:39 | Boots of Speed |
| 17:40 | Staff of Teleportation |
| 17:49 | Staff of Sanctuary |
| 18:18 | Circlet of Nobility |
| 18:49 | Guard Tower |
| 18:52 | Peasant |
| 18:53 | Peasant |
| 19:01 | Lesser Clarity Potion |
| 19:02 | Lesser Clarity Potion |
| 19:04 | Guard Tower |
| 19:06 | Scout Tower |
| 19:07 | Scout Tower |
| 19:07 | Scout Tower |
| 19:08 | Scout Tower |
| 19:43 | Scout Tower |
| 19:44 | Scout Tower |
| 19:44 | Scout Tower |
| 19:45 | Scout Tower |
| 19:45 | Scout Tower |
| 19:46 | Scout Tower |
| 19:46 | Scout Tower |
| 19:47 | Scout Tower |
| 19:59 | Guard Tower |
| 20:17 | Guard Tower |
| 21:29 | Siphon Mana |
| 21:35 | Guard Tower |
| 21:40 | Town Hall |
| 21:46 | Scout Tower |
| 21:47 | Scout Tower |
| 21:47 | Scout Tower |
| 21:48 | Scout Tower |
| 21:48 | Scout Tower |
| 21:48 | Scout Tower |
| 21:49 | Scout Tower |
| 21:50 | Scout Tower |
| 22:00 | Guard Tower |
| 22:06 | Scout Tower |
| 22:07 | Scout Tower |
| 22:07 | Scout Tower |
| 22:28 | Guard Tower |
| 22:47 | Guard Tower |
| 23:02 | Lesser Clarity Potion |
| 23:02 | Lesser Clarity Potion |
| 23:06 | Guard Tower |
| 23:19 | Scout Tower |
| 23:45 | Guard Tower |
| 23:50 | Guard Tower |
| 24:19 | Guard Tower |
| 24:20 | Scout Tower |
| 24:21 | Scout Tower |
| 25:28 | Bash |
| 25:30 | Divine Shield |
| 26:25 | Guard Tower |
| 26:26 | Scout Tower |
| 26:27 | Scout Tower |
| 26:30 | Scout Tower |
| 26:31 | Scout Tower |
| 27:19 | Guard Tower |
| 27:33 | Guard Tower |
| 27:34 | Scout Tower |
| 27:34 | Scout Tower |
| 27:35 | Scout Tower |
| 27:55 | Lesser Clarity Potion |
| 27:56 | Lesser Clarity Potion |
| 28:08 | Scout Tower |
| 28:10 | Scout Tower |
| 28:11 | Scout Tower |
| 28:11 | Scout Tower |
| 28:12 | Scout Tower |
| 28:12 | Scout Tower |
| 28:12 | Scout Tower |
| 29:53 | Guard Tower |
| 30:58 | Arcane Tower |
| 30:58 | Guard Tower |
| 31:31 | Holy Light |
| 31:33 | Flame Strike |
| 31:39 | Guard Tower |
| 31:42 | Peasant |
| 31:42 | Peasant |
| 31:43 | Peasant |
| 31:43 | Peasant |
| 31:45 | Peasant |
| 31:46 | Peasant |
| 32:59 | Storm Bolt |
| 33:42 | Peasant |
| 33:42 | Peasant |
| Right click | 2284 |
| Select group | 962 |
| Select | 565 |
| Assign group | 402 |
| Chat | 293 |
| Build/train/purchase | 177 |
| Use ability | 132 |
| Resource trade | 37 |
| Misc. action | 28 |
| Item give/drop | 11 |
| Minimap ping | 3 |
153 units @ 21.1k
/ 3.2k
96 buildings @ 12.7k
/ 6.6k


| Peasant | 12 | 900 | / | 0 |
| Mortar Team | 9 | 1620 | / | 630 |
| Siege Engine | 6 | 1170 | / | 360 |
| Priest | 3 | 405 | / | 30 |
| Sorceress | 2 | 310 | / | 40 |
| Peon | 4 | 300 | / | 0 |
| total: | 36 | 4705g | / | 1060w |
| Scout Tower | 11 | 330 | / | 220 |
| Guard Tower | 6 | 420 | / | 300 |
| Arcane Tower | 2 | 140 | / | 100 |
| Farm | 11 | 880 | / | 220 |
| Altar of Kings | 1 | 180 | / | 50 |
| Lumber Mill | 1 | 120 | / | 0 |
| Arcane Vault | 1 | 130 | / | 30 |
| Blacksmith | 1 | 140 | / | 60 |
| Town Hall | 1 | 385 | / | 205 |
| Workshop | 2 | 280 | / | 280 |
| Arcane Sanctum | 2 | 300 | / | 280 |
| Keep | 1 | 320 | / | 210 |
| Castle | 1 | 360 | / | 210 |
| Watch Tower | 3 | 330 | / | 240 |
| Ancient Protector | 10 | 1350 | / | 800 |
| Ancient of War | 1 | 150 | / | 60 |
| total: | 45 | 4575g | / | 2445w |
| 0:04 | Peasant |
| 0:04 | Peasant |
| 0:05 | Peasant |
| 0:12 | Peasant |
| 0:25 | Peasant |
| 0:48 | Peasant |
| 1:00 | Farm |
| 1:17 | Peasant |
| 1:25 | Altar of Kings |
| 1:40 | Farm |
| 1:42 | Peasant |
| 2:12 | Peasant |
| 2:17 | Lumber Mill |
| 3:21 | Peasant |
| 3:35 | Scout Tower |
| 3:39 | Storm Bolt |
| 4:00 | Peasant |
| 4:16 | Keep |
| 4:19 | Scout Tower |
| 4:22 | Scout Tower |
| 4:28 | Scout Tower |
| 4:45 | Guard Tower |
| 4:49 | Scout Tower |
| 4:50 | Arcane Tower |
| 5:15 | Guard Tower |
| 5:27 | Arcane Tower |
| 5:30 | Scout Tower |
| 5:53 | Improved Masonry |
| 5:59 | Farm |
| 6:01 | Guard Tower |
| 6:13 | Arcane Vault |
| 6:17 | Scout Tower |
| 7:23 | Blacksmith |
| 7:26 | Castle |
| 7:29 | Guard Tower |
| 7:35 | Scout Tower |
| 7:53 | Scout Tower |
| 8:19 | Improved Lumber Harvesting |
| 8:28 | Workshop |
| 8:28 | Workshop |
| 9:01 | Guard Tower |
| 9:16 | Farm |
| 9:31 | Mortar Team |
| 9:35 | Mortar Team |
| 9:43 | Guard Tower |
| 9:48 | Black Gunpowder |
| 9:51 | Holy Light |
| 10:05 | Siege Engine |
| 10:09 | Farm |
| 10:15 | Farm |
| 10:31 | Barrage |
| 10:36 | Peasant |
| 10:41 | Farm |
| 10:44 | Farm |
| 10:51 | Siege Engine |
| 11:17 | Mortar Team |
| 11:22 | Farm |
| 11:26 | Iron Plating |
| 12:11 | Flare |
| 12:12 | Mortar Team |
| 12:14 | Siege Engine |
| 13:02 | Refined Gunpowder |
| 13:03 | Steel Plating |
| 13:39 | Mortar Team |
| 14:26 | Siege Engine |
| 14:40 | Farm |
| 14:42 | Imbued Gunpowder |
| 14:58 | Thunder Clap |
| 16:56 | Divine Shield |
| 17:13 | Siege Engine |
| 17:14 | Siege Engine |
| 17:15 | Mithril Plating |
| 18:03 | Town Hall |
| 18:08 | Advanced Masonry |
| 18:18 | Mortar Team |
| 18:26 | Arcane Sanctum |
| 18:30 | Arcane Sanctum |
| 19:20 | Mortar Team |
| 19:22 | Studded Leather Armor |
| 19:42 | Fragmentation Shards |
| 19:44 | Priest Adept Training |
| 19:47 | Priest |
| 19:48 | Priest |
| 19:48 | Priest |
| 19:50 | Sorceress |
| 19:50 | Sorceress |
| 20:15 | Mortar Team |
| 20:20 | Farm |
| 21:56 | Priest Master Training |
| 21:58 | Mortar Team |
| 22:14 | Sorceress Adept Training |
| 26:43 | Scout Tower |
| 26:46 | Scout Tower |
| 31:06 | Peon |
| 31:07 | Peon |
| 31:39 | Watch Tower |
| 31:46 | Nature's Blessing |
| 32:00 | Ancient Protector |
| 32:01 | Ancient Protector |
| 32:02 | Ancient Protector |
| 32:03 | Ancient Protector |
| 32:05 | Ancient Protector |
| 32:13 | Ancient Protector |
| 32:21 | Ancient Protector |
| 32:24 | Ancient Protector |
| 32:34 | Ancient Protector |
| 32:39 | Ancient Protector |
| 32:43 | Ancient of War |
| 33:14 | Watch Tower |
| 33:16 | Reinforced Defenses |
| 34:07 | Peon |
| 34:08 | Peon |
| 34:12 | Watch Tower |
| Right click | 850 |
| Select | 456 |
| Build/train/purchase | 87 |
| Resource trade | 68 |
| Chat | 56 |
| Use ability | 46 |
| Misc. action | 32 |
| Remove unit | 2 |
| Assign group | 1 |
SavageXii
(2)
(31:29) : 
| Dust of Appearance | 1 | 75 |
| total: | 1 | 75g |
| Wisp | 37 | 2220 | / | 0 |
| Huntress | 12 | 2340 | / | 240 |
| Hippogryph | 15 | 2400 | / | 300 |
| Chimaera | 6 | 1980 | / | 420 |
| total: | 70 | 8940g | / | 960w |
| Ancient Protector | 10 | 1350 | / | 800 |
| Hunter's Hall | 1 | 210 | / | 100 |
| Moon Well | 6 | 1080 | / | 240 |
| Ancient of War | 2 | 300 | / | 120 |
| Altar of Elders | 1 | 180 | / | 50 |
| Tree of Life | 2 | 680 | / | 370 |
| Ancient of Wonders | 1 | 90 | / | 30 |
| Ancient of Wind | 2 | 300 | / | 280 |
| Chimaera Roost | 3 | 420 | / | 570 |
| Tree of Ages | 2 | 640 | / | 360 |
| Tree of Eternity | 2 | 660 | / | 400 |
| total: | 28 | 4610g | / | 2560w |
| 0:02 | Wisp |
| 0:03 | Wisp |
| 0:03 | Wisp |
| 0:07 | Hunter's Hall |
| 0:18 | Moon Well |
| 0:33 | Ancient of War |
| 0:35 | Wisp |
| 0:35 | Wisp |
| 0:36 | Wisp |
| 0:48 | Ancient of War |
| 1:01 | Moon Well |
| 1:14 | Wisp |
| 1:30 | Wisp |
| 1:40 | Huntress |
| 2:03 | Altar of Elders |
| 2:07 | Wisp |
| 2:13 | Moon Well |
| 2:16 | Wisp |
| 2:25 | Huntress |
| 2:34 | Huntress |
| 2:34 | Huntress |
| 2:50 | Huntress |
| 2:55 | Huntress |
| 2:56 | Huntress |
| 3:26 | Moon Armor |
| 3:27 | Strength of the Moon |
| 4:01 | Huntress |
| 4:06 | Huntress |
| 4:12 | Entangling Roots |
| 4:17 | Ultravision |
| 4:23 | Tree of Ages |
| 5:42 | Moon Well |
| 5:43 | Moon Well |
| 6:06 | Thorns Aura |
| 7:58 | Moon Glaive |
| 7:58 | Huntress |
| 7:59 | Huntress |
| 8:00 | Improved Strength of the Moon |
| 8:01 | Improved Moon Armor |
| 8:13 | Wisp |
| 8:14 | Wisp |
| 8:14 | Wisp |
| 8:14 | Wisp |
| 8:31 | Huntress |
| 8:43 | Ancient of Wind |
| 8:50 | Moon Well |
| 9:33 | Ancient of Wind |
| 9:36 | Wisp |
| 9:36 | Wisp |
| 9:36 | Wisp |
| 9:39 | Strength of the Wild |
| 9:39 | Reinforced Hides |
| 9:47 | Hippogryph |
| 9:48 | Hippogryph |
| 9:48 | Hippogryph |
| 9:48 | Hippogryph |
| 10:11 | Wisp |
| 10:11 | Wisp |
| 10:42 | Hippogryph |
| 10:42 | Hippogryph |
| 10:42 | Hippogryph |
| 11:19 | Hippogryph |
| 12:01 | Entangling Roots |
| 12:45 | Hippogryph |
| 12:46 | Hippogryph |
| 13:49 | Hippogryph |
| 13:49 | Hippogryph |
| 14:34 | Hippogryph |
| 14:35 | Hippogryph |
| 14:35 | Hippogryph |
| 15:27 | Tree of Life |
| 16:31 | Tree of Eternity |
| 17:16 | Ancient of Wonders |
| 17:39 | Improved Bows |
| 17:40 | Advanced Moon Armor |
| 17:45 | Wisp |
| 17:45 | Wisp |
| 17:45 | Wisp |
| 17:45 | Wisp |
| 17:45 | Wisp |
| 18:26 | Backpack |
| 18:29 | Wisp |
| 18:29 | Wisp |
| 18:29 | Wisp |
| 18:32 | Ancient Protector |
| 18:33 | Ancient Protector |
| 18:34 | Ancient Protector |
| 18:37 | Ancient Protector |
| 18:38 | Ancient Protector |
| 18:39 | Ancient Protector |
| 19:25 | Chimaera Roost |
| 19:27 | Chimaera Roost |
| 19:29 | Chimaera Roost |
| 19:38 | Dust of Appearance |
| 19:50 | Wisp |
| 19:50 | Wisp |
| 19:50 | Wisp |
| 19:50 | Wisp |
| 19:51 | Wisp |
| 20:21 | Ancient Protector |
| 20:25 | Ancient Protector |
| 21:00 | Ancient Protector |
| 21:04 | Ancient Protector |
| 21:37 | Chimaera |
| 21:37 | Chimaera |
| 23:10 | Chimaera |
| 23:10 | Chimaera |
| 23:23 | Thorns Aura |
| 23:43 | Tree of Life |
| 24:28 | Corrosive Breath |
| 24:57 | Chimaera |
| 26:41 | Chimaera |
| 26:45 | Wisp |
| 26:45 | Wisp |
| 26:45 | Wisp |
| 26:45 | Wisp |
| 26:45 | Wisp |
| 29:03 | Improved Strength of the Wild |
| 29:03 | Improved Reinforced Hides |
| 29:04 | Well Spring |
| Right click | 1700 |
| Select | 442 |
| Select group | 117 |
| Build/train/purchase | 114 |
| Use ability | 54 |
| Resource trade | 54 |
| Misc. action | 27 |
| Assign group | 19 |
| Minimap ping | 19 |
| Remove unit | 4 |
| Chat | 3 |


| Lesser Clarity Potion | 5 | 350 |
| Potion of Mana | 6 | 1200 |
| Potion of Healing | 5 | 750 |
| Healing Salve | 2 | 200 |
| Scroll of Town Portal | 1 | 350 |
| Periapt of Vitality | 1 | 325 |
| total: | 20 | 3175g |
| Peon | 11 | 825 | / | 0 |
| Grunt | 6 | 1200 | / | 0 |
| Troll Headhunter | 9 | 1260 | / | 180 |
| Demolisher | 3 | 660 | / | 150 |
| Shaman | 4 | 520 | / | 80 |
| Tauren | 4 | 1120 | / | 320 |
| Kodo Beast | 2 | 510 | / | 120 |
| Troll Batrider | 4 | 640 | / | 160 |
| Raider | 4 | 720 | / | 160 |
| total: | 47 | 7455g | / | 1170w |
| Watch Tower | 7 | 770 | / | 560 |
| Orc Burrow | 7 | 1120 | / | 280 |
| Barracks | 1 | 180 | / | 50 |
| Altar of Storms | 1 | 180 | / | 50 |
| War Mill | 1 | 205 | / | 0 |
| Voodoo Lounge | 2 | 260 | / | 60 |
| Great Hall | 1 | 385 | / | 185 |
| Spirit Lodge | 1 | 150 | / | 150 |
| Tauren Totem | 1 | 135 | / | 155 |
| Beastiary | 1 | 145 | / | 140 |
| Stronghold | 1 | 315 | / | 190 |
| Fortress | 1 | 325 | / | 190 |
| total: | 23 | 3530g | / | 1630w |
| 0:37 | Orc Burrow |
| 0:40 | Barracks |
| 0:45 | Altar of Storms |
| 0:47 | Peon |
| 1:03 | Peon |
| 1:29 | Peon |
| 1:37 | Peon |
| 1:55 | Grunt |
| 2:18 | Grunt |
| 2:42 | War Mill |
| 3:09 | Orc Burrow |
| 3:20 | Serpent Ward |
| 3:27 | Peon |
| 4:12 | Voodoo Lounge |
| 4:24 | Troll Headhunter |
| 4:24 | Troll Headhunter |
| 4:30 | Orc Burrow |
| 4:37 | Steel Ranged Weapons |
| 5:43 | Stronghold |
| 5:46 | Troll Headhunter |
| 5:46 | Troll Headhunter |
| 5:46 | Troll Headhunter |
| 6:09 | Healing Wave |
| 6:37 | Orc Burrow |
| 7:02 | Grunt |
| 7:02 | Grunt |
| 7:19 | Steel Armor |
| 7:48 | Healing Wave |
| 8:34 | Great Hall |
| 8:49 | Troll Headhunter |
| 8:50 | Demolisher |
| 9:35 | War Stomp |
| 9:44 | Thorium Ranged Weapons |
| 9:47 | Troll Headhunter |
| 10:17 | Lesser Clarity Potion |
| 10:17 | Lesser Clarity Potion |
| 10:18 | Potion of Mana |
| 10:19 | Potion of Mana |
| 10:46 | Spirit Lodge |
| 12:03 | Hex |
| 12:11 | Watch Tower |
| 12:11 | Watch Tower |
| 12:12 | Watch Tower |
| 12:13 | Peon |
| 12:14 | Peon |
| 12:14 | Peon |
| 12:14 | Peon |
| 13:36 | Fortress |
| 13:38 | Pillage |
| 13:43 | Orc Burrow |
| 13:43 | Orc Burrow |
| 13:45 | Orc Burrow |
| 14:07 | Troll Headhunter |
| 14:07 | Troll Headhunter |
| 14:10 | Thorium Armor |
| 14:12 | Grunt |
| 14:12 | Grunt |
| 14:24 | Voodoo Lounge |
| 14:29 | Shaman Adept Training |
| 14:30 | Shaman |
| 14:30 | Shaman |
| 14:47 | Peon |
| 14:51 | Endurance Aura |
| 15:40 | Watch Tower |
| 15:46 | Berserker Strength |
| 17:16 | Shaman Master Training |
| 17:45 | Watch Tower |
| 18:07 | Demolisher |
| 18:07 | Demolisher |
| 18:08 | Burning Oil |
| 18:10 | Berserker Upgrade |
| 18:27 | Potion of Healing |
| 18:28 | Potion of Mana |
| 18:30 | Lesser Clarity Potion |
| 18:30 | Potion of Mana |
| 18:31 | Lesser Clarity Potion |
| 19:09 | Arcanite Armor |
| 19:41 | Tauren Totem |
| 22:09 | Potion of Mana |
| 22:09 | Potion of Mana |
| 22:10 | Potion of Healing |
| 22:10 | Healing Salve |
| 22:11 | Lesser Clarity Potion |
| 22:15 | Healing Salve |
| 22:15 | Potion of Healing |
| 22:16 | Scroll of Town Portal |
| 22:30 | Watch Tower |
| 22:33 | Tauren |
| 22:33 | Tauren |
| 22:33 | Tauren |
| 22:34 | Tauren |
| 23:09 | Spiked Barricades |
| 23:25 | Periapt of Vitality |
| 23:56 | Watch Tower |
| 26:08 | Beastiary |
| 26:09 | Shaman |
| 26:09 | Shaman |
| 26:29 | Peon |
| 27:30 | Kodo Beast |
| 27:30 | Kodo Beast |
| 27:33 | Troll Batrider |
| 27:33 | Troll Batrider |
| 27:33 | Troll Batrider |
| 27:33 | Troll Batrider |
| 27:37 | Raider |
| 27:37 | Raider |
| 27:37 | Raider |
| 27:37 | Raider |
| 28:58 | Potion of Healing |
| 28:58 | Potion of Healing |
| 29:23 | Shockwave |
| Right click | 1787 |
| Select | 321 |
| Build/train/purchase | 125 |
| Use ability | 62 |
| Chat | 41 |
| Resource trade | 25 |
| Minimap ping | 23 |
| Remove unit | 10 |
| Item give/drop | 2 |
| Misc. action | 1 |